 Dungeon Crawl Stone Soup version 0.24-a0-441-g27f0392e16 (webtiles) character file.

Game seed: 15373865800267923840

1822 KristoblXynda the Ruffian (level 8, -25/80 HPs)
             Began as a Troll Monk on June 20, 2019.
             Was a Believer of Cheibriados.
             Annihilated by Harold
             ... wielding a +0 scimitar
              (31 damage)
             ... on level 7 of the Dungeon.
             The game lasted 00:07:22 (5122 turns).

KristoblXynda the Ruffian (Troll Monk)              Turns: 5122, Time: 00:07:22

Health: -25/80     AC:  9    Str: 24    XL:     8   Next: 85%
Magic:  8/8        EV: 13    Int: 12    God:    Cheibriados [**....]
Gold:   319        SH:  0    Dex: 16    Spells: 7/7 levels left

rFire    . . .     SeeInvis .     - Unarmed
rCold    . . .     Gourm    +   (no shield)
rNeg     . . .     Faith    .   a - +0 robe
rPois    .         Spirit   .   q - +2 hat
rElec    .         Reflect  .   e - +0 cloak
rCorr    +         Harm     .   (gloves unavailable)
MR       .....                  (boots unavailable)
Stlth    ++........             (no amulet)
HPRegen  0.63/turn              n - ring of resist corrosion
MPRegen  0.11/turn              (no ring)

@: marked, very slow
A: large, unfitting armour, claws 3, fast metabolism 3, gourmand, regeneration
1, shaggy fur 1, tough skin 3
a: Bend Time, Renounce Religion


You were on level 7 of the Dungeon.
You worshipped Cheibriados.
Cheibriados was pleased with you.
You were near starving.

You visited 2 branches of the dungeon, and saw 8 of its levels.

You collected 319 gold pieces.

Inventory:

Armour
 a - a +0 robe (worn)
 e - a +0 cloak (worn)
 q - a +2 hat (worn)
Jewellery
 n - a ring of resist corrosion (left claw)
Wands
 p - a wand of acid (10)
Scrolls
 c - 4 scrolls of amnesia
 f - 3 scrolls of enchant armour {unknown}
 g - 3 scrolls of remove curse
 i - 2 scrolls of fog {unknown}
 j - a scroll of fear
 s - a scroll of enchant weapon {unknown}
 u - a scroll of immolation {unknown}
 v - a scroll of blinking {unknown}
 w - a scroll of noise {unknown}
 x - 4 scrolls of random uselessness {unknown}
 y - a scroll of identify
Potions
 d - 2 potions of heal wounds
 h - a potion of cancellation
 k - a potion of might
 l - 2 potions of curing
 m - a potion of lignification
 o - a potion of resistance {unknown}
 r - a potion of haste {unknown}
 t - a potion of berserk rage {unknown}
Comestibles
 b - 12 rations


   Skills:
 + Level 5.2 Fighting
 + Level 4.3 Armour
 + Level 5.1 Dodging
 - Level 1.0 Stealth
 + Level 6.2 Unarmed Combat
 + Level 2.3 Evocations


You had 7 spell levels left.
You didn't know any spells.
Your spell library was empty.

Dungeon Overview and Level Annotations

Branches:
Dungeon (7/15)             Temple (1/1) D:6

Altars:
Ashenzari
Cheibriados
Dithmenos
Elyvilon
Fedhas
Gozag
Hepliaklqana
Kikubaaqudgha
Makhleb
Nemelex Xobeh
Okawaru
Qazlal
Ru
Sif Muna
Trog
Uskayaw
Vehumet
Wu Jian
Xom
Yredelemnul
Zin
The Shining One

Annotations:
D:7 Harold


Innate Abilities, Weirdness & Mutations

You are too large for most types of armour.
You have claws for hands.
Your metabolism is lightning-fast.
You like to eat raw meat.
Your natural rate of healing is unusually fast.
You are covered in fur. (AC +1)
You have extremely tough skin. (AC +3)


Message History

Harold is severely wounded.
Harold hits you with a +0 scimitar!!
You claw Harold!
Harold is almost dead.
Harold gestures at you while chanting. The mark upon you grows brighter.
You scratch Harold but do no damage.
Harold is almost dead.
Harold casts a spell at you. The mark upon you grows brighter.
You claw Harold! Your claw misses Harold.
Harold is almost dead.
You scratch Harold but do no damage.
Harold is almost dead.
Harold hits you with a +0 scimitar!!
* * * LOW HITPOINT WARNING * * *
You barely miss Harold. Your claw misses Harold.
Harold is almost dead.
Harold hits you with a +0 scimitar!!
You die...

############
#........@@#
#.########.#+######
#.# #......... #.#
#......... #.#
#......... #.#
..#.......
#.#.#####.###########
#.#................
#.#..####.#.......#


You could see Harold.

Vanquished Creatures
  Grinder (D:6)
  Menkaure (D:7)
  An ogre (D:4)
  A phantom (D:6)
  An ice beast (D:5)
  A big kobold (D:5)
  A bullfrog (D:6)
  A wyvern zombie (D:6)
  A water moccasin zombie (D:6)
  A scorpion (D:7)
  3 crimson imps (D:5)
  A jelly (D:5)
  6 hounds
  2 centaur skeletons (D:4)
  Jessica (D:2)
  Terence (D:2)
  An iguana (D:6)
  8 worker ants
  2 hound skeletons
  A howler monkey zombie (D:7)
  7 adders
  8 gnolls
  2 oozes
  2 adder skeletons
  3 worms
  3 dart slugs
  4 leopard geckos
  10 orcs
  A ball python (D:1)
  11 bats
  4 giant cockroaches
  5 goblins
  7 hobgoblins
  7 jackals
  7 kobolds
  7 frilled lizards
  A giant cockroach zombie (D:5)
  A quokka zombie (D:6)
  4 rats
130 creatures vanquished.

Notes
Turn   | Place    | Note
-------+----------+-------------------------------------------
     0 | D:1      | KristoblXynda the Troll Monk began the quest for the Orb.
     0 | D:1      | Reached XP level 1. HP: 22/22 MP: 0/0
    53 | D:1      | Reached XP level 2. HP: 29/29 MP: 1/1
   171 | D:1      | Found a shimmering altar of Xom.
   413 | D:1      | Reached skill level 1 in Armour
   413 | D:1      | Reached XP level 3. HP: 34/36 MP: 2/2
   683 | D:2      | Found a sacrificial altar of Ru.
   932 | D:2      | Reached XP level 4. HP: 44/44 MP: 3/3
  1070 | D:2      | Noticed Terence
  1075 | D:2      | Killed Terence
  1127 | D:2      | Noticed Jessica
  1158 | D:2      | Killed Jessica
  1214 | D:2      | Reached XP level 5. HP: 53/53 MP: 4/4
  1931 | D:4      | Reached skill level 4 in Unarmed Combat
  2027 | D:4      | Reached XP level 6. HP: 61/61 MP: 5/5
  2517 | D:4      | Reached XP level 7. HP: 61/68 MP: 6/6
  2910 | D:5      | Entered Level 5 of the Dungeon
  2974 | D:5      | Found a bloodstained altar of Trog.
  3056 | D:5      | Reached skill level 5 in Unarmed Combat
  3594 | D:5      | Reached XP level 8. HP: 31/79 MP: 7/7
  3801 | D:6      | Reached skill level 1 in Evocations
  3883 | D:6      | Noticed Grinder
  3942 | D:6      | Killed Grinder
  3942 | D:6      | Reached skill level 5 in Fighting
  3942 | D:6      | Reached skill level 6 in Unarmed Combat
  4215 | D:6      | Found a staircase to the Ecumenical Temple.
  4222 | D:6      | Found a hide-covered altar of Uskayaw.
  4234 | Temple   | Entered the Ecumenical Temple
  4557 | D:6      | Reached skill level 5 in Dodging
  4661 | D:6      | Found an ancient bone altar of Kikubaaqudgha.
  4662 | D:6      | Found an ornate altar of the Wu Jian Council.
  4662 | D:6      | Found a glowing silver altar of Zin.
  4664 | D:6      | Found a glowing golden altar of the Shining One.
  4664 | D:6      | Found a white marble altar of Elyvilon.
  4749 | D:7      | Noticed Menkaure
  4761 | D:7      | Killed Menkaure
  4944 | Temple   | Became a worshipper of Cheibriados the Contemplative
  4944 | Temple   | Reached * piety under Cheibriados
  4944 | Temple   | Reached ** piety under Cheibriados
  5095 | D:7      | Noticed Harold
  5122 | D:7      | Annihilated by Harold

Levels and vault maps discovered:
D:1:      evilmike_arrival_hilbert_curve, layout_basic, xom_teletrap_fun
D:2:      layout_basic, nicolae_ru_awakened_eye, uniq_jessica, uniq_terence
D:3:      layout_loops_ring, st_stairs_7
D:4:      minmay_skewed_foursquare, layout_loops_ring, first_ration
D:5:      layout_basic, lemuel_round_altar
D:6:      layout_rooms, grunt_temple_overflow_open, minmay_temple_entry_statues,
          uniq_grinder
D:7:      layout_basic, uniq_menkaure, uniq_harold
Temple:   minmay_temple_curvy_branch

Skill      XL: |  1  2  3  4  5  6  7  8 |
---------------+-------------------------+-----
Armour         | 1 2 3 4 |  4.3
Fighting       | 3 4 5 |  5.2
Dodging        | 3 4 5 |  5.1
Unarmed Combat | 4 5 6 |  6.2
Evocations     | 2 |  2.3
Stealth        | |  1.0

Action                   |  1- 3 |  4- 6 |  7- 9 || total
-------------------------+-------+-------+-------++-------
Melee: Unarmed           |    94 |   137 |   233 ||   464
       Punch             |     1 |       |     7 ||     8
Evoke: Wand              |       |       |     1 ||     1
  Use: Scroll            |       |     6 |     2 ||     8
       Potion            |       |       |     2 ||     2
 Stab: Sleeping          |     3 |     2 |     2 ||     7
       Distracted        |       |     1 |       ||     1
  Eat: Chunk             |     6 |    21 |     8 ||    35
       Ration            |       |       |     2 ||     2
Armor: Robe              |    40 |    48 |    84 ||   172
Dodge: Dodged            |    67 |    96 |   131 ||   294

Table legend:
 A = Non-vault XP
 B = Vault XP
 C = Vault XP percentage of total XP
 D = Non-vault monster count
 E = Vault monster count
 F = Vault count percentage of total count
                 A         B        C        D         E       F
            +---------+---------+-------+---------+---------+-------
      Total |    2008 |     595 |  22.9 |     121 |       9 |   6.9
            +---------+---------+-------+---------+---------+-------
        D:1 |      53 |       0 |   0.0 |      25 |       0 |   0.0
        D:2 |      71 |      73 |  50.7 |      17 |       2 |  10.5
        D:3 |      29 |       2 |   6.5 |       9 |       1 |  10.0
        D:4 |     610 |      53 |   8.0 |      26 |       4 |  13.3
        D:5 |     540 |       0 |   0.0 |      22 |       0 |   0.0
        D:6 |     572 |     295 |  34.0 |      16 |       1 |   5.9
        D:7 |     133 |     172 |  56.4 |       6 |       1 |  14.3
            +---------+---------+-------+---------+---------+-------
